 Dungeon Crawl Stone Soup version 0.32-a0-981-g384da2ce10 (webtiles) character file.

Game seed: 3649773197253844564

149 Pokonic1 the Apothecary (level 5, -7/35 HPs)
             Began as a Demonspawn Alchemist on Apr 20, 2024.
             Shot themself with a puff of flame (9 damage)
             ... on level 3 of the Dungeon.
             The game lasted 00:10:10 (2635 turns).

Pokonic1 the Apothecary (Demonspawn Alchemist)      Turns: 2635, Time: 00:10:10

Health: -7/35      AC:  4    Str:  7 (8)  XL:     5   Next: 9%
Magic:  1/9        EV: 13    Int: 17 (18) God:
Gold:   155        SH:  0    Dex: 12 (13) Spells: 5/10 levels left

rFire   . . .        k - +0 short sword
rCold   . . .        (no shield)
rNeg    . . .        a - +0 robe
rPois   .            (no helmet)
rElec   .            g - scarf {harm}
rCorr   .            i - +0 pair of gloves
SInv    .            o - +0 pair of boots
Will    .....        (no amulet)
Stlth   ++           (no ring)
HPRegen 0.25/turn    (no ring)
MPRegen 0.11/turn

%: harm (+30% outgoing, +20% incoming)
@: brilliant, lethally poisoned (-7 -> -9)
A: repulsion field 1, condensation shield
a: no special abilities


You were on level 3 of the Dungeon.
You visited 1 branch of the dungeon, and saw 3 of its levels.

You collected 155 gold pieces.

Inventory:

Hand Weapons
 f - a +0 dagger
 h - a +0 dagger of holy wrath
 k - a +0 short sword (weapon)
Armour
 a - a +0 robe (worn)
 g - a scarf of harm (worn)
 i - a +0 pair of gloves (worn)
 o - a +0 pair of boots (worn)
Wands
 l - a wand of flame (16)
Scrolls
 d - a scroll of identify
 e - a scroll of noise
 j - a scroll of poison
 n - a scroll of immolation
Potions
 b - a potion of magic


   Skills:
 - Level 1.7 Dodging
 - Level 1.7 Stealth
 + Level 3.2 Spellcasting
 - Level 2.1 Conjurations
 + Level 4.6 Alchemy


You had 5 spell levels left.
You knew the following spells:

 Your Spells              Type           Power      Damage    Failure   Level
a - Sting                 Conj/Alch      84%        1d8       4%          1
b - Olgreb's Toxic Radia  Alch           27%        N/A       26%         4

Your spell library contained the following spells:

 Spells                   Type           Power      Damage    Failure   Level
 Mercury Vapours          Alch/Air       30%        N/A       10%         2
 Static Discharge         Conj/Air       18%        3-4/arc   17%         2
 Mephitic Cloud           Conj/Alch/Air  15%        N/A       21%         3
 Ensorcelled Hibernation  Hex/Ice        8%         N/A       26%         2
 Sublimation of Blood     Necr           4%         N/A       26%         2
 Passwall                 Erth           4%         N/A       45%         3
 Swiftness                Air            4%         N/A       45%         3
 Sticky Flame             Fire/Alch      15%        2d5       54%         4
 Airstrike                Air            2%         2d(1-17)  86%         4
 Summon Lightning Spire   Summ/Air       4%         N/A       86%         4
 Curse of Agony           Necr           4%         N/A       99%         5
 Rimeblight               Ice/Necr       2%         2d4       (prima100%   7


Dungeon Overview and Level Annotations

Branches:
Dungeon (3/15)

Altars:

Shops:
D:1 :[=[(


Innate Abilities, Weirdness & Mutations

You are surrounded by a mild repulsion field. (EV +2)
A meltable shield of frost defends you. (SH +0)


Message History

You feel very sick.
The gnoll sergeant hits you from afar with a +0 spear!
Unknown command.
Unknown command.
* * * LOW HITPOINT WARNING * * *
You feel very sick.
It was a potion of degeneration.
There was something very wrong with that liquid.
You feel weakened.
You feel dopey.
You feel clumsy.
Your toxic aura wanes.
* * * LOW HITPOINT WARNING * * *
You feel sick.
You feel a bit more experienced. The gnoll sergeant barely misses you.
It was a potion of cancellation.
You feel magically purged.
Your magical contamination has completely faded away.
* * * LOW HITPOINT WARNING * * *
You feel sick. The gnoll sergeant closely misses you.
Unknown command.
It was a potion of brilliance.
You feel clever all of a sudden.
* * * LOW HITPOINT WARNING * * *
You feel sick. The gnoll sergeant closely misses you.
Unknown command.
As you read the scroll labelled GUCORYUQOGI, it dissolves into smoke.
It was a scroll of fog.
* * * LOW HITPOINT WARNING * * *
You feel sick. The gnoll sergeant misses you.
Unknown command.
* * * LOW HITPOINT WARNING * * *
You feel sick.
Unknown command.
* * * LOW HITPOINT WARNING * * *
You feel sick.
The gnoll sergeant attacks as it pursues you!
The gnoll sergeant barely misses you.
Aiming: Throw Flame
Press: ? - help, Shift-Dir - straight line, f - you The puff of flame hits you!
Your condensation shield dissipates!
You die...

##.##.#....#....###.......(.#
...........+...>..'.........#
##.#####...#.##.###.........# #.#
..# #.# ##.######## ##.#
.#.##.####.# ######## ...#
#.##......# #......# ..##
#.##§§##### #.####.# ..#
#.##§§§g§§# ##.#..# # ...
#.##§@#§#§# #.....# # #..####
#.##..#.#.####..#..# #
#.....######.....###g..gg.g#.##.#
#+###..............######.[.....#
.......#####.#####.# ####.....
.......##....#...#.### ######
.÷.....##.##....>#...############
.......##.##.#.#####.##<..g..)...
.....#....#........#.############


You could see a gnoll sergeant (poisoned).

Vanquished Creatures
  4 adders
  5 gnolls (D:3)
  4 orcs (D:3)
  4 ball pythons
  4 endoplasms
  3 giant cockroaches
  8 goblins
  3 hobgoblins
  6 kobolds
  5 quokkas
  7 bats
  2 frilled lizards
  5 rats
60 creatures vanquished.

Notes
Turn   | Place    | Note
-------+----------+-------------------------------------------
     0 | D:1      | Pokonic1 the Demonspawn Alchemist began the quest for the
                  | Orb.
     0 | D:1      | Reached XP level 1. HP: 13/13 MP: 3/3
   113 | D:1      | Found Qimext's Jewellery Shop.
   188 | D:1      | Gained mutation: A meltable shield of frost defends you.
                  | (SH +0) [demonic ancestry]
   188 | D:1      | Reached XP level 2. HP: 19/19 MP: 0/5
   239 | D:1      | Found a faded altar of an unknown god.
   445 | D:1      | Found Doetaz's Weapon Shoppe.
   557 | D:1      | Found Saxyih's Antique Armour Shoppe.
   590 | D:1      | Found Xahom's Armour Shop.
   906 | D:1      | Found Eremisia's Book Emporium.
  1495 | D:2      | Reached XP level 3. HP: 24/24 MP: 2/6
  1819 | D:3      | Noticed a gnoll sergeant
  1832 | D:3      | Reached skill level 4 in Alchemy
  1906 | D:3      | Gained mutation: You are surrounded by a mild repulsion
                  | field. (EV +2) [demonic ancestry]
  1906 | D:3      | Reached XP level 4. HP: 29/30 MP: 3/7
  2273 | D:3      | Learned a level 4 spell: Olgreb's Toxic Radiance
  2546 | D:3      | Reached XP level 5. HP: 28/35 MP: 0/9
  2635 | D:3      | Shot themself with a puff of flame

Illustrated notes

Levels and vault maps discovered:
D:1:      dpeg_arrival_yet_another_circle, layout_basic,
          chequers_ecumenical_altar_simple_redux, serial_shops,
          nicolae_shop_behind_doors, shop, shop, nicolae_shop_rolling_square,
          shop
D:2:      layout_basic
D:3:      layout_basic

Skill      XL: |  1  2  3  4 |
---------------+-------------+-----
Conjurations   | 2 |  2.1
Alchemy        | 4 |  4.6
Spellcasting   | 3 |  3.2
Dodging        | |  1.7
Stealth        | |  1.7

Action                     |  1- 3 |  4- 6 || total
---------------------------+-------+-------++-------
  Melee: Unarmed           |    14 |       ||    14
         Dagger            |    23 |       ||    23
         Short sword       |    13 |    30 ||    43
   Cast: Sting             |    47 |    27 ||    74
         Olgreb's Toxic Ra |       |     2 ||     2
    Use: Scroll            |       |     4 ||     4
         Potion            |       |     3 ||     3
   Stab: Sleeping          |     2 |     1 ||     3
 Armour: Robe              |    30 |    19 ||    49
  Dodge: Dodged            |    45 |    33 ||    78
  Block: Other             |     8 |     8 ||    16

Table legend: (Time is in decaauts)
 A = Elapsed time spent in this place.
 B = Non-inter-level travel time spent in this place.
 C = Inter-level travel time spent in this place.
 D = Time resting spent in this place.
 E = Time spent auto-exploring this place.
 F = Levels seen in this place.
 G = Mean time per level.
                   A        B        C        D        E       F      G
               +--------+--------+--------+--------+--------+-----+--------+
         Total |   2633 |    529 |   2104 |      0 |      0 |   3 |  877.7 |
       Dungeon |   2633 |    529 |   2104 |      0 |      0 |   3 |  877.7 |
               +--------+--------+--------+--------+--------+-----+--------+

Top non-repeatable levels by time:
     D:1: 1212 daAuts
     D:3: 784 daAuts
     D:2: 636 daAuts
